 Dungeon Crawl Stone Soup version 0.30.1-11-g7821555f0a (webtiles) character file.

Game seed: 5962354582791398887

1738 comborobin the Cruncher (level 9, 0/64 HPs)
             Began as a Barachi Delver on Dec 23, 2023.
             Slain by Maggie
             ... wielding a +0 long sword of pain
              (3 damage)
             ... on level 7 of the Dungeon.
             The game lasted 00:05:40 (4333 turns).

comborobin the Cruncher (Barachi Delver)            Turns: 4333, Time: 00:05:41

Health: 0/64       AC:  7    Str: 17    XL:     9   Next: 5%
Magic:  9/9        EV: 12    Int: 12    God:
Gold:   309        SH:  0    Dex: 23    Spells: 1/8 levels left

rFire   + . .        h - +4 quarterstaff
rCold   . . .        (shield currently unavailable)
rNeg    . . .        G - +1 ring mail "Saulao" {rC+ Dex+4 Stlth-}
rPois   .            (no helmet)
rElec   .            C - +0 cloak
rCorr   .            (no gloves)
SInv    .            (no boots)
Will    .....        B - amulet of regeneration Stlth
                     r - +6 ring of dexterity
HPRegen 1.10/turn    m - ring of fire
MPRegen 0.11/turn

%: no passive effects
@: confused, ambrosia-drunk, hasted, quick
A: amphibious, slowness 1, strong legs 1, +LOS
a: Hop


You were on level 7 of the Dungeon.
You visited 2 branches of the dungeon, and saw 7 of its levels.

You collected 309 gold pieces.

Inventory:

Hand Weapons
 a - a +0 falchion
 h - a +4 quarterstaff (weapon)
 k - a +1 dagger of protection
 x - a +0 great mace
 K - a +3 hand axe of distortion
Armour
 b - a +0 leather armour
 j - a +0 ring mail
 C - a +0 cloak (worn)
 D - a +0 ring mail of poison resistance
 G - the +1 ring mail "Saulao" (worn) {rC+ Dex+4 Stlth-}
   (You found it on level 5 of the Dungeon)

   Dex:       It affects your dexterity (+4).
   rC:        It protects you from cold.
   Stlth:     It makes you less stealthy.
Magical Staves
 z - a staff of fire
Jewellery
 m - a ring of fire (right hand)
 r - a +6 ring of dexterity (left hand)
 w - a ring of protection from cold
 B - an amulet of regeneration (around neck)
 M - a ring of resist corrosion
Wands
 g - a wand of digging (3)
 F - a wand of iceblast (4)
 I - a wand of flame (12)
Scrolls
 c - 3 scrolls of identify {unknown}
 d - 4 scrolls of magic mapping
 e - 2 scrolls of fear
 o - 2 scrolls of amnesia {unknown}
 q - a scroll of teleportation {unknown}
 s - a scroll of enchant armour {unknown}
 t - a scroll of enchant weapon {unknown}
 v - 4 scrolls of noise {unknown}
 y - a scroll of immolation {unknown}
 E - 2 scrolls of blinking {unknown}
Potions
 n - 3 potions of mutation {unknown}
 p - 2 potions of heal wounds {unknown}
 u - 3 potions of might {unknown}
 A - 3 potions of brilliance {unknown}
 H - a potion of attraction {unknown}
 J - a potion of flight {unknown}
 L - a potion of degeneration {unknown}


   Skills:
 - Level 3.6 Fighting
 - Level 2.6 Long Blades
 + Level 12.1 Staves
 - Level 2.1 Dodging
 - Level 4.5 Stealth


You had one spell level left.
You knew the following spells:

 Your Spells              Type           Power      Damage    Failure   Level
i - Ignite Poison         Fire/Tmut/Pois 0%         N/A       88%         3
o - Olgreb's Toxic Radia  Pois           0%         N/A       99%         4

Your spell library contained the following spells:

 Spells                   Type           Power      Damage    Failure   Level
 Apportation              Tloc           0%         N/A       52%         1
 Kiss of Death            Conj/Necr      0%         2d5       52%         1
 Necrotise                Necr           0%         1d4       52%         1
 Cigotuvi's Dreadful Rot  Necr/Pois/Air  0%         N/A       67%         2
 Confusing Touch          Hex            0%         N/A       88%         3
 Summon Guardian Golem    Hex/Summ       0%         N/A       88%         3
 Vampiric Draining        Necr           0%         2d6       88%         3
 Vhi's Electric Charge    Tloc/Air       0%         N/A       88%         3
 Dispel Undead            Necr           0%         3d6       99%         4
 Agony                    Necr           0%         N/A       100%        5
 Alistair's Intoxication  Tmut/Pois      0%         N/A       100%        5
 Arcjolt                  Conj/Air       0%         1d10      100%        5
 Freezing Cloud           Conj/Ice/Air   0%         6-21      100%        5
 Orb of Destruction       Conj           0%         9d5       100%        7
 Spellforged Servitor     Conj/Summ      0%         N/A       100%        7
 Discord                  Hex            0%         N/A       100%        8
 Ignition                 Fire           0%         3d3       100%        8
 Maxwell's Capacitive Co  Air            0%         ∞         100%        8


Dungeon Overview and Level Annotations

Branches:
Dungeon (7/15)             Temple (1/1) D:6

Altars:
Ashenzari
Dithmenos
Elyvilon
Fedhas
Gozag
Hepliaklqana
Kikubaaqudgha
Makhleb
Nemelex Xobeh
Qazlal
Ru
Sif Muna
Uskayaw
Vehumet
Xom
Yredelemnul
Zin

Portals:
Abyss: D:4

Annotations:
D:4 2 transporters, Alkoric's ghost, weakling GrFi
D:5 1 runed translucent door, Loveship's ghost, novice DgCj
D:7 Maggie


Innate Abilities, Weirdness & Mutations

You are amphibious.
You cover ground slowly.
You can hop short distances.
You have an extended range of vision and can be seen from far away.


Message History

Maggie gestures wildly while chanting.
Maggie attempts to bespell you!
You are mesmerised by Maggie!
You closely miss Maggie.
Maggie is lightly wounded.
Okay, then.
Okay, then.
You're wearing all the rings you can.
Remove which one? (? for menu, Esc to cancel) < or
r - a +6 ring of dexterity; > or
w - a ring of protection from cold You remove your ring of protection from cold.
Maggie barely misses you.
You feel more attuned to fire.
m - a ring of fire (right hand)
Okay, then.
It was a potion of ambrosia.
You are confused.
You feel invigorated.
Maggie hits you with a +0 long sword of pain.
You writhe in agony.
You feel yourself speed up. Maggie closely misses you.
You bump into the rock wall.
Maggie gestures at you while chanting. The bolt of fire hits you! You resist.
* * * LOW HITPOINT WARNING * * *
You closely miss Maggie.
Maggie is lightly wounded.
You bump into the rock wall.
Maggie hits you with a +0 long sword of pain!
* * * LOW HITPOINT WARNING * * *
You bump into the rock wall.
Maggie points at you and mumbles some strange words.
The bolt of fire hits you! You resist.
* * * LOW HITPOINT WARNING * * *
It was a potion of magic.
Magic courses through your body.
You break out of your daze.
Maggie hits you with a +0 long sword of pain!
* * * LOW HITPOINT WARNING * * *
You writhe in agony.
You die...

#.# #.# #.# #.# #.# #.# #.. ..#
#################################
.................................
#################################
#################........
................@@#
###################


You could see Maggie.

Vanquished Creatures
  Grinder (D:6)
  Eustachio (Temple)
  Menkaure (D:5)
  A centaur (D:6)
  3 ogres
  Blork the orc (D:5)
  A bullfrog (D:6)
  A gnoll sergeant (D:5)
  A water moccasin zombie (D:5)
  3 scorpions (D:5)
  A bullfrog zombie (D:5)
  3 orc priests
  2 hounds (D:6)
  A sleepcap (D:6)
  2 iguanas
  An orc wizard (D:4)
  A scorpion zombie (D:5)
  Terence (D:2)
  A hound zombie (D:5)
  4 gnolls (D:5)
  8 adders
  A white imp (D:5)
  An ufetubus (D:6)
  4 worms
  2 dart slugs (D:2)
  13 orcs
  9 endoplasms
  2 giant cockroaches
  2 goblins
  7 hobgoblins
  4 kobolds
  2 ball pythons (D:3)
  8 bats
  A frilled lizard (D:2)
  2 rats
97 creatures vanquished.

Vanquished Creatures (others)
  A human (D:6)
1 creature vanquished.

Grand Total: 98 creatures vanquished

Notes
Turn   | Place    | Note
-------+----------+-------------------------------------------
     0 | D:5      | comborobin the Barachi Delver began the quest for the Orb.
     0 | D:5      | Reached XP level 1. HP: 18/18 MP: 1/1
   116 | D:3      | Noticed an iguana
   130 | D:3      | Reached skill level 2 in Staves
   130 | D:3      | Reached XP level 2. HP: 17/24 MP: 2/2
   134 | D:3      | Reached skill level 3 in Staves
   134 | D:3      | Reached XP level 3. HP: 16/29 MP: 3/3
   413 | D:3      | Found a stormy altar of Qazlal.
   475 | D:3      | Found a faded altar of an unknown god.
   605 | D:3      | Reached XP level 4. HP: 24/36 MP: 4/4
   618 | D:3      | Reached skill level 4 in Staves
   737 | D:3      | Found a hide-covered altar of Uskayaw.
   985 | D:4      | Found a burning altar of Makhleb.
  1046 | D:4      | Noticed a kobold brigand
  1082 | D:4      | Reached skill level 5 in Staves
  1082 | D:4      | Reached XP level 5. HP: 38/41 MP: 5/5
  1218 | D:4      | Found a transporter.
  1235 | D:4      | Found a transporter.
  1236 | D:4      | Noticed a small abomination
  1260 | D:4      | Found a one-way gate to the infinite horrors of the Abyss.
  1260 | D:4      | Noticed Alkoric's ghost (weakling GrFi)
  1461 | D:5      | Reached skill level 6 in Staves
  1461 | D:5      | Reached XP level 6. HP: 31/47 MP: 6/6
  1539 | D:5      | Noticed Menkaure
  1542 | D:5      | Killed Menkaure
  1543 | D:5      | Reached skill level 7 in Staves
  1592 | D:5      | Reached XP level 7. HP: 52/52 MP: 7/7
  1633 | D:5      | Found a radiant altar of Vehumet.
  1774 | D:5      | Found a runed translucent door.
  1793 | D:5      | Noticed Loveship's ghost (novice DgCj)
  1823 | D:5      | Noticed Blork the orc
  1832 | D:5      | Killed Blork the orc
  1966 | D:5      | Reached skill level 8 in Staves
  2131 | D:5      | Reached skill level 9 in Staves
  2455 | D:5      | Identified the +1 ring mail "Saulao" {rC+ Dex+4 Stlth-}
  2595 | D:5      | Reached XP level 8. HP: 45/59 MP: 8/8
  2640 | D:6      | Found an ancient bone altar of Kikubaaqudgha.
  2723 | D:6      | Found a staircase to the Ecumenical Temple.
  2737 | D:6      | Noticed Eustachio
  2751 | Temple   | Entered the Ecumenical Temple
  2759 | Temple   | Killed Eustachio
  2760 | Temple   | Reached skill level 10 in Staves
  3278 | D:2      | Noticed Terence
  3308 | D:2      | Killed Terence
  3432 | D:2      | Learned a level 4 spell: Olgreb's Toxic Radiance
  3436 | D:2      | Learned a level 3 spell: Ignite Poison
  3754 | D:4      | Noticed a small abomination
  3810 | D:6      | Noticed Grinder
  3817 | D:6      | Killed Grinder
  3818 | D:6      | Reached skill level 11 in Staves
  3942 | D:6      | Found a basalt altar of Yredelemnul.
  4096 | D:6      | Reached XP level 9. HP: 62/64 MP: 9/9
  4127 | D:6      | Reached skill level 12 in Staves
  4136 | D:6      | Found a sparkling altar of Nemelex Xobeh.
  4314 | D:7      | Noticed Maggie
  4333 | D:7      | HP: 3/64 [Maggie/+0 long sword of pain (9)]
  4333 | D:7      | Slain by Maggie

Illustrated notes

Levels and vault maps discovered:
D:2:      layout_basic, uniq_terence
D:3:      layout_rooms, nicolae_uskayaw_dance_hall,
          nicolae_qazlal_general_emergency,
          shapermc_ecumenical_altar_flowoftime, st_stairs_6
D:4:      layout_gridville, mainiacjoe_overflow_chevrons,
          gammafunk_ghost_abyssal_escape
D:5:      layout_loops_ring, vehumet_crystals, serial_undead, serial_undead_a,
          serial_undead_f, serial_undead_b, serial_undead_a, serial_undead_f,
          gammafunk_ghost_grave, serial_bayou_lake_a, uniq_blork_the_orc,
          uniq_menkaure
D:6:      layout_cave_pools, tgw_kikubaaqudgha, kennysheep_mini,
          nemelex_dance_club_becter, minmay_temple_entry_offerings,
          uniq_grinder, uniq_eustachio
D:7:      layout_basic, okawaru_trees_2, chequers_serial_rivers_room_a,
          kennysheep_generic_room_6, uniq_maggie
Temple:   dpeg_chambers_temple

Skill      XL: |  1  2  3  4  5  6  7  8  9 |
---------------+----------------------------+-----
Staves         | 2 3 5 6 7 9 11 12 | 12.1
Fighting       | |  3.6
Long Blades    | |  2.6
Dodging        | |  2.1
Stealth        | |  4.5

Action                     |  1- 3 |  4- 6 |  7- 9 || total
---------------------------+-------+-------+-------++-------
  Melee: Quarterstaff      |    40 |    66 |   174 ||   280
         Falchion          |     4 |       |       ||     4
Ability: Hop               |       |       |     1 ||     1
  Evoke: Wand              |       |       |     2 ||     2
    Use: Scroll            |     1 |       |       ||     1
         Potion            |       |       |     3 ||     3
   Stab: Sleeping          |     1 |     3 |     3 ||     7
         Distracted        |       |       |     1 ||     1
 Armour: Ring mail         |    13 |    22 |    44 ||    79
         Leather armour    |     2 |       |       ||     2
  Dodge: Dodged            |    22 |    22 |    78 ||   122
